 Dungeon Crawl Stone Soup version 0.24-a0-501-gc560d0b (webtiles) character file.

Game seed: 5371919189005533759

20927 RovingBovine the Fighter (level 12, -1/115 HPs)
             Began as a Minotaur Fighter on July 15, 2019.
             Was a High Priest of Okawaru.
             Slain by a blink frog (10 damage)
             ... on level 5 of the Lair of Beasts.
             The game lasted 00:35:48 (15481 turns).

RovingBovine the Fighter (Minotaur Fighter)        Turns: 15481, Time: 00:35:48

Health: -1/115     AC:  8    Str: 31    XL:     12   Next: 49%
Magic:  14/14      EV: 17    Int:  5    God:    Okawaru [*****.]
Gold:   833        SH:  0    Dex: 15    Spells: 11/11 levels left

rFire    + . .     SeeInvis .   F - +7 great mace "Yjasholine" {crush, rPois MR++}
rCold    + + +     Gourm    .   (shield currently unavailable)
rNeg     . . .     Faith    .   r - +0 ring mail "Gyusaneog" {rPois rC++ Str-2 Dex+3}
rPois    +         Spirit   .   (helmet restricted)
rElec    +         Reflect  .   (no cloak)
rCorr    +         Harm     .   z - +1 pair of gloves
MR       ++...                  G - -3 pair of boots "Abreik" {rElec rCorr Str+9}
Stlth    +.........             (no amulet)
HPRegen  0.29/turn              l - ring of protection from cold
MPRegen  0.14/turn              n - ring of protection from fire (curse)

@: no status effects
A: retaliatory headbutt, horns 2
a: Heroism, Finesse, Renounce Religion


You were on level 5 of the Lair of Beasts.
You worshipped Okawaru.
Okawaru was extremely pleased with you.
You were not hungry.

You visited 3 branches of the dungeon, and saw 15 of its levels.
You also visited: Ossuary.

You collected 834 gold pieces.
You spent 1 gold pieces at shops.

Inventory:

Hand Weapons
 a - a +0 long sword
 j - a -1 double sword
 E - the +8 whip "Snakebite" {curare, rPois}
   (You found it on level 2 of the Lair of Beasts)

   It poisons the flesh of those it strikes.
   It protects you from poison.
 F - the +7 great mace "Yjasholine" (weapon) {crush, rPois MR++}
   (You found it on level 4 of the Lair of Beasts)

   It inflicts extra damage upon your enemies.
   It protects you from poison.
   It affects your resistance to hostile enchantments.
Missiles
 b - 57 poisoned darts
 h - 3 throwing nets
 t - 5 boomerangs (quivered)
 v - 7 javelins
Armour
 c - a +0 shield
 r - the +0 ring mail "Gyusaneog" (worn) {rPois rC++ Str-2 Dex+3}
   (You found it on level 3 of the Lair of Beasts)

   It affects your strength (-2).
   It affects your dexterity (+3).
   It greatly protects you from cold.
   It protects you from poison.
 s - a +0 plate armour
 z - a +1 pair of gloves (worn)
 G - the -3 pair of boots "Abreik" (worn) {rElec rCorr Str+9}
   (Okawaru gifted it to you on level 4 of the Lair of Beasts)

   It affects your strength (+9).
   It insulates you from electricity.
   It provides partial protection from all sources of acid and corrosion.
Jewellery
 l - a ring of protection from cold (left hand)
 n - a cursed ring of protection from fire (right hand)
Wands
 q - a wand of random effects (1)
 A - a wand of polymorph (8)
 D - a wand of digging (3)
 J - a wand of disintegration (11)
Scrolls
 m - 2 scrolls of identify
 w - 2 scrolls of enchant armour
 y - 2 scrolls of holy word
 B - 5 scrolls of remove curse
 C - a scroll of amnesia
 I - a scroll of summoning
Potions
 d - a potion of might
 e - a potion of resistance
 g - a potion of agility
 i - 2 potions of mutation
 o - 7 potions of haste
 p - 4 potions of lignification
 u - 2 potions of ambrosia
 x - 2 potions of heal wounds
Comestibles
 f - 26 rations
 H - 5 chunks of flesh


   Skills:
 * Level 13.6 Fighting
 * Level 13.4 Long Blades
 + Level 10.2 Armour
 + Level 8.8 Dodging
 - Level 3.6 Shields
 + Level 4.9 Invocations
 + Level 4.4 Evocations


You had 11 spell levels left.
You didn't know any spells.
Your spell library contained the following spells:

 Spells                   Type           Power        Failure   Level  Hunger
 Ice Form                 Ice/Tmut       #.......     100%        4    #####..
 Metabolic Englaciation   Hex/Ice        #.........   100%        5    ######.
 Bolt of Cold             Conj/Ice       #.........   100%        6    #######
 Freezing Cloud           Conj/Ice/Air   #.........   100%        6    #######
 Ozocubu's Refrigeration  Ice            #.........   100%        6    #######
 Simulacrum               Ice/Necr       #.........   100%        6    #######


Dungeon Overview and Level Annotations

Branches:
Dungeon (9/15)             Temple (1/1) D:7            Lair (5/6) D:8
 Shoals (0/4) Lair:4        Snake (0/4) Lair:4
  Slime: Lair:5-6       Orc: D:9-12

Altars:
Cheibriados
Hepliaklqana
Kikubaaqudgha
Okawaru
Ru
Trog
Vehumet
Xom

Shops:
D:5 (   D:9 *

Annotations:
D:5 2 runed translucent doors, Maken's ghost, amateur TeFE
Lair:3 exclusion: oklob plant
Lair:4 3 runed translucent doors, Ruock's ghost, journeyman VSAs


Innate Abilities, Weirdness & Mutations

You reflexively headbutt those who attack you in melee.
You have a pair of horns on your head.


Message History

The blink frog blinks!
A blink frog comes into view.
The blink frog croaks.
You hear a roar!
You hear a loud, deep croak!
You hear a croak.
You see here a yak skeleton.
A blink frog comes into view.
The blink frog gives a loud, deep croak!
The blink frog barely misses you. You furiously retaliate!
You headbutt the blink frog.
You see here a yak skeleton.
The blink frog hits you.
* * * LOW HITPOINT WARNING * * *
The blink frog blinks!
You see here a yak skeleton.
The blink frog gives a loud, deep croak!
You hear a loud, deep croak!
You hear a croak.
The blink frog hits you.
* * * LOW HITPOINT WARNING * * *
You closely miss the blink frog. The blink frog hits you!
You die...

###### .#.
###########.##.######
.....#....#...#....#......
..........F...............
.......##@+#..............
#.....P###÷###............
......##..÷.#.......###.##
P....D #..F##.....÷###.#.#
#..... ##.F.##..§†###.#.##
..... #F.#......# #...P#
..... ....##......# #....#
...D..##......P##...##
.............P###.####


You could see 3 blink frogs.

Vanquished Creatures
  Harold (Lair:1)
  A hydra (Lair:5)
  2 catoblepae
  3 elephants (Lair:5)
  6 black mambas
  A torpor snail (Lair:5)
  4 spiny frogs
  A rime drake (Lair:5)
  2 komodo dragons
  7 blink frogs
  A polar bear (Lair:5)
  7 hippogriffs
  2 basilisks (Lair:1)
  23 yaks
  A wyvern (D:9)
  Eustachio (D:4)
  A hungry ghost (D:9)
  2 nagas (Lair:4)
  15 water moccasins
  Duvessa (D:6)
  2 black bears
  5 porcupines
  2 ice beasts
  A phantom (D:4)
  A sky beast (D:2)
  3 ogres
  5 centaurs
  5 crocodiles
  A big kobold (D:8)
  8 bullfrogs
  Dowan (D:6)
  2 scorpions (D:5)
  4 wights (D:6)
  2 electric eels
  4 howler monkeys (D:7)
  3 crimson imps
  3 centaur zombies
  A jelly (D:6)
  3 orc priests
  A bullfrog skeleton (D:4)
  4 hounds
  4 orc wizards
  4 centaur skeletons
  2 iguanas
  3 worker ants
  2 killer bee zombies
  A big kobold zombie (Ossuary)
  7 mummies
  A howler monkey zombie (D:6)
  A worker ant zombie (D:6)
  7 gnolls
  18 adders
  A shadow imp (D:5)
  An ooze (D:1)
  An adder skeleton (D:7)
  5 dart slugs
  5 leopard geckos
  34 orcs
  3 ball pythons
  5 giant cockroaches
  11 goblins
  9 hobgoblins
  17 jackals
  4 quokkas
  9 bats
  2 frilled lizards
  A goblin zombie (D:8)
  3 hobgoblin zombies (Ossuary)
  2 jackal skeletons (D:7)
  15 kobolds
  A leopard gecko skeleton (D:6)
  14 rats
336 creatures vanquished.

Vanquished Creatures (others)
  2 fungi (Lair:5)
  3 plants
5 creatures vanquished.

Grand Total: 341 creatures vanquished

Notes
Turn   | Place    | Note
-------+----------+-------------------------------------------
     0 | D:1      | RovingBovine the Minotaur Fighter began the quest for the
                  | Orb.
     0 | D:1      | Reached XP level 1. HP: 19/19 MP: 0/0
   132 | D:1      | Reached XP level 2. HP: 26/27 MP: 1/1
   374 | D:1      | Reached XP level 3. HP: 32/33 MP: 2/2
   418 | D:1      | Reached skill level 1 in Dodging
  1052 | D:2      | Noticed a sky beast
  1061 | D:2      | Reached XP level 4. HP: 23/41 MP: 3/3
  1086 | D:2      | Killed a sky beast
  1086 | D:2      | Reached skill level 5 in Fighting
  1086 | D:2      | Reached XP level 5. HP: 21/48 MP: 4/4
  1941 | D:3      | Reached XP level 6. HP: 53/56 MP: 5/5
  2097 | D:4      | Reached skill level 5 in Long Blades
  2375 | D:4      | Noticed Eustachio
  2436 | D:4      | Killed Eustachio
  2436 | D:4      | Reached skill level 5 in Armour
  2436 | D:4      | Reached XP level 7. HP: 51/64 MP: 6/6
  2702 | D:5      | Entered Level 5 of the Dungeon
  3049 | D:5      | Found Poenis's Antique Weapon Boutique.
  3916 | D:5      | Found a large runed translucent door.
  3916 | D:5      | Found a large runed translucent door.
  3917 | D:5      | Noticed Maken's ghost (amateur TeFE)
  4037 | D:5      | Reached XP level 8. HP: 73/73 MP: 7/7
  4294 | D:6      | Noticed Dowan
  4295 | D:6      | Noticed Duvessa
  4308 | D:6      | Killed Duvessa
  4311 | D:6      | Killed Dowan
  4456 | D:6      | You fall into a shaft and drop 3 floors!
  4793 | D:9      | Found Ledaff's Lightly-Used Armoury.
  4796 | D:9      | Bought a -3 double sword for 1 gold piece
  4875 | D:9      | Reached skill level 5 in Dodging
  4875 | D:9      | Reached XP level 9. HP: 83/83 MP: 8/8
  4922 | D:9      | Reached skill level 10 in Fighting
  5370 | D:8      | Noticed a death yak
  5370 | D:8      | Noticed a death yak
  5370 | D:8      | Noticed a death yak
  5370 | D:8      | Noticed a death yak
  5372 | D:8      | Noticed a death yak
  5376 | D:8      | Noticed a death yak
  5377 | D:8      | Found a staircase to the Lair.
  5377 | D:8      | Noticed a death yak
  5421 | D:8      | Found a hazy altar of Hepliaklqana.
  5482 | D:8      | Found a sand-covered staircase.
  5506 | Ossuary  | Entered an ossuary
  5516 | Ossuary  | Reached skill level 10 in Long Blades
  5734 | D:7      | Found a shimmering altar of Xom.
  5764 | D:7      | Reached XP level 10. HP: 59/94 MP: 9/9
  6058 | D:7      | Found a shimmering altar of Xom.
  6058 | D:7      | Found a shimmering altar of Xom.
  6058 | D:7      | Noticed a manticore
  6059 | D:7      | Found a shimmering altar of Xom.
  6059 | D:7      | Noticed a glowing orange brain
  6060 | D:7      | Found a shimmering altar of Xom.
  6083 | D:7      | Found a shimmering altar of Xom.
  6576 | D:6      | Found Ofair's General Store.
  6982 | D:7      | Found a staircase to the Ecumenical Temple.
  7046 | Temple   | Entered the Ecumenical Temple
  7075 | Temple   | Became a worshipper of Warmaster Okawaru
  7499 | Lair:1   | Entered Level 1 of the Lair of Beasts
  7509 | Lair:1   | Noticed a black mamba
  7523 | Lair:1   | Killed a black mamba
  7906 | Lair:1   | Reached skill level 1 in Invocations
  7988 | Lair:1   | Noticed Harold
  8030 | Lair:1   | Killed Harold
  8030 | Lair:1   | Reached * piety under Okawaru
  8030 | Lair:1   | Reached skill level 1 in Evocations
  8185 | Lair:1   | Noticed a six-headed hydra
  8324 | Lair:1   | Noticed a spiny frog
  8332 | Lair:1   | Killed a spiny frog
  8580 | Lair:1   | Noticed a black mamba
  8597 | Lair:1   | Killed a black mamba
  8932 | Lair:1   | Reached ** piety under Okawaru
  9025 | Lair:1   | Reached XP level 11. HP: 104/104 MP: 11/11
 10538 | Lair:2   | Found the +8 whip "Snakebite" {curare, rPois}
 10820 | Lair:3   | Reached *** piety under Okawaru
 11410 | Lair:3   | Noticed an oklob plant
 12499 | Lair:3   | Got an ancient ring mail
 12510 | Lair:3   | Identified the +1 ring mail "Epsoyr" {rF+ Int+3 Dex+3} (You
                  | found it on level 3 of the Lair of Beasts)
 12547 | Lair:3   | Reached **** piety under Okawaru
 13091 | Lair:3   | Noticed a catoblepas
 13097 | Lair:3   | Killed a catoblepas
 13116 | Lair:3   | Got a steaming ring mail
 13127 | Lair:3   | Identified the +0 ring mail "Gyusaneog" {rPois rC++ Str-2
                  | Dex+3} (You found it on level 3 of the Lair of Beasts)
 13508 | Lair:4   | Found a staircase to the Snake Pit.
 13787 | Lair:4   | Got an iridescent great mace
 13793 | Lair:4   | Identified the +7 great mace "Yjasholine" {crush, rPois
                  | MR++} (You found it on level 4 of the Lair of Beasts)
 13802 | Lair:4   | Reached ***** piety under Okawaru
 13804 | Lair:4   | Found a staircase to the Shoals.
 13845 | Lair:4   | Noticed a catoblepas
 13858 | Lair:4   | Killed a catoblepas
 13858 | Lair:4   | Received a gift from Okawaru
 13858 | Lair:4   | Reached XP level 12. HP: 30/115 MP: 14/14
 14127 | Lair:4   | Got a pair of fine boots {god gift}
 14149 | Lair:4   | Identified the -3 pair of boots "Abreik" {rElec rCorr
                  | Str+9} (Okawaru gifted it to you on level 4 of the Lair of
                  | Beasts)
 14215 | Lair:4   | Found a runed translucent gate.
 14215 | Lair:4   | Found a runed translucent gate.
 14215 | Lair:4   | Found a runed translucent gate.
 14228 | Lair:4   | Noticed a minotaur
 14231 | Lair:4   | Noticed Ruock's ghost (journeyman VSAs)
 14791 | Lair:5   | Reached skill level 10 in Armour
 15372 | Lair:5   | Noticed an eight-headed hydra
 15380 | Lair:5   | Killed an eight-headed hydra
 15443 | Lair:5   | HP: 4/115 [blink frog (3)]
 15448 | Lair:5   | HP: 2/115 [blink frog (3)]
 15471 | Lair:5   | Noticed an eight-headed hydra
 15474 | Lair:5   | HP: 4/115 [blink frog (9)]
 15481 | Lair:5   | Slain by a blink frog

Levels and vault maps discovered:
D:1:      minmay_arrival_solitary_statue, layout_basic
D:2:      layout_rooms
D:3:      layout_basic
D:4:      layout_rooms, uniq_eustachio
D:5:      layout_rooms, first_ration, ebering_ghost_disaster_area, serial_shops,
          nicolae_shop_temple_entry_statues_fountains, kennysheep_donut,
          minmay_misc_feat_plants, interstate_on_off
D:6:      layout_loops_corners, serial_shops, shop, uniq_duvessa
D:7:      layout_loops_cross, minmay_temple_entry_drinking_statues,
          grunt_ministairs_14, xom_shifter_show
D:8:      layout_loops_ring, old_standard_altar, dpeg_lair_monsters,
          nicolae_ossuary_entry_giza
D:9:      layout_roguey, minmay_shop_damaged
Temple:   minmay_crystal_snake_temple
Lair:1:   layout_regular_city, uniq_harold
Lair:2:   minmay_guarded_unrand_snakebite, layout_cave_pods, minivault_11,
          grunt_megastairs_2, lemuel_fruit_tree
Lair:3:   layout_roguey, infiniplex_staircase_pool, serial_bayou_shore_a,
          grunt_megastairs_1
Lair:4:   layout_regular_city, minmay_shoals_entry_centaurs,
          guppyfry_snake_entry_garden, maelrawn_ghost_gauntlet_escape,
          lookout_lair_type, minmay_hedge_maze
Lair:5:   layout_regular_city

Skill      XL: |  1  2  3  4  5  6  7  8  9 10 11 12 |
---------------+-------------------------------------+-----
Fighting       | 4 5 6 7 9 10 11 13 | 13.6
Long Blades    | 3 4 5 6 8 10 11 12 13 | 13.4
Dodging        | 1 2 3 5 6 7 8 |  8.8
Armour         | 4 5 6 7 8 9 10 | 10.2
Invocations    | 2 4 |  4.9
Evocations     | 2 3 4 |  4.4
Shields        | |  3.6

Action                   |  1- 3 |  4- 6 |  7- 9 | 10-12 || total
-------------------------+-------+-------+-------+-------++-------
Melee: Long sword        |   142 |   165 |   377 |   343 ||  1027
       Headbutt          |    25 |    30 |    96 |   125 ||   276
       Unarmed           |       |       |       |     9 ||     9
       Whip              |       |       |       |   137 ||   137
       Great mace        |       |       |       |    94 ||    94
Throw: Dart              |       |     6 |    20 |       ||    26
       Boomerang         |       |       |       |     2 ||     2
Invok: Heroism           |       |       |       |     1 ||     1
Evoke: Wand              |       |       |       |     7 ||     7
  Use: Scroll            |       |     4 |     7 |    12 ||    23
       Potion            |       |       |     1 |     5 ||     6
 Stab: Confused          |       |       |       |     2 ||     2
  Eat: Chunk             |     1 |     5 |     9 |    21 ||    36
       Ration            |       |       |     1 |     3 ||     4
Armor: Scale mail        |    11 |       |       |       ||    11
       Chain mail        |    79 |    86 |    87 |       ||   252
       Plate armour      |       |       |    75 |   210 ||   285
       Ring mail         |       |       |       |    46 ||    46
Dodge: Dodged            |    49 |    33 |    93 |   247 ||   422
Block: Shield            |   102 |   102 |   154 |   209 ||   567
       Rpst.: Long sword |     9 |    12 |    32 |    26 ||    79

Table legend:
 A = Non-vault XP
 B = Vault XP
 C = Vault XP percentage of total XP
 D = Non-vault monster count
 E = Vault monster count
 F = Vault count percentage of total count
                 A         B        C        D         E       F
            +---------+---------+-------+---------+---------+-------
      Total |   24959 |    4937 |  16.5 |     299 |      37 |  11.0
            +---------+---------+-------+---------+---------+-------
        D:1 |      76 |       0 |   0.0 |      36 |       0 |   0.0
        D:2 |     256 |       0 |   0.0 |      34 |       0 |   0.0
        D:3 |      82 |       0 |   0.0 |      17 |       0 |   0.0
        D:4 |     367 |     203 |  35.6 |      26 |       1 |   3.7
        D:5 |     496 |       0 |   0.0 |      20 |       0 |   0.0
        D:6 |    1081 |     225 |  17.2 |      25 |       2 |   7.4
        D:7 |    1361 |      28 |   2.0 |      34 |       1 |   2.9
        D:8 |     170 |      19 |  10.1 |      15 |       2 |  11.8
        D:9 |    2615 |       0 |   0.0 |      17 |       0 |   0.0
     Lair:1 |    2858 |     997 |  25.9 |      13 |       1 |   7.1
     Lair:2 |    2829 |    1724 |  37.9 |      13 |      13 |  50.0
     Lair:3 |    4608 |       0 |   0.0 |      17 |       0 |   0.0
     Lair:4 |    1113 |    1512 |  57.6 |       9 |       5 |  35.7
     Lair:5 |    7047 |       0 |   0.0 |      23 |       0 |   0.0
    Ossuary |       0 |     229 | 100.0 |       0 |      12 | 100.0
            +---------+---------+-------+---------+---------+-------
